 Dungeon Crawl Stone Soup version 0.29.1-12-g30fa7ad0bf (webtiles) character file.

Game seed: 9265025025519044441

116 MisterFreud the Sneak (level 4, -2/21 HPs)
             Began as a Felid Berserker on Jan 6, 2023.
             Was a Believer of Trog.
             Slain by an orc
             ... wielding a +0 club
              (5 damage)
             ... on level 3 of the Dungeon.
             The game lasted 00:02:26 (3366 turns).

MisterFreud the Sneak (Felid Berserker)             Turns: 3366, Time: 00:02:27

Health: -2/21      AC:  1    Str: 13    XL:     4   Next: 70%
Magic:  5/5        EV: 18    Int:  8    God:    Trog [**....]
Gold:   169        SH:  0    Dex: 17    Spells: 3/3 levels left
                                        Lives:  0   Deaths: 1

rFire   . . .      SeeInvis +     - Unarmed
rCold   . . .      Faith    .   (shield unavailable)
rNeg    . . .      Spirit   .   (body armour unavailable)
rPois   .          Reflect  .   (helmet unavailable)
rElec   .          Harm     .   (cloak unavailable)
rCorr   .          Rampage  .   (gloves unavailable)
Will    .....                   (boots unavailable)
Stlth   +++.......              (no amulet)
HPRegen 0.07/turn               (no ring)
MPRegen 0.09/turn               (no ring)

@: quick
A: very small, claws 1, fangs 3, see invisible, speed 1, shaggy fur 1, stealthy
paws, no weapons or thrown items, no armour, multi-lived
a: Renounce Religion, Berserk, Trog's Hand


You were on level 3 of the Dungeon.
You worshipped Trog.
Trog was pleased with you.
You visited 1 branch of the dungeon, and saw 3 of its levels.

You collected 169 gold pieces.

Inventory:

Wands
 i - a wand of iceblast (11)
 m - a wand of flame (12)
Scrolls
 f - 2 scrolls of fog
 g - a scroll of teleportation
Potions
 a - a potion of magic {unknown}
 b - a potion of invisibility {unknown}
 c - 2 potions of degeneration {unknown}
 d - a potion of brilliance {unknown}
 e - a potion of flight {unknown}
 h - a potion of lignification {unknown}
 j - 2 potions of attraction {unknown}
 l - a potion of heal wounds


   Skills:
 - Level 3.0 Fighting
 - Level 4.0 Dodging
 + Level 5.1 Stealth
 + Level 4.8 Unarmed Combat


You had 3 spell levels left.
You didn't know any spells.
Your spell library was empty.

Dungeon Overview and Level Annotations

Branches:
Dungeon (3/15)

Altars:
Yredelemnul


Innate Abilities, Weirdness & Mutations

You have sharp claws.
You have razor-sharp teeth.
You have supernaturally acute eyesight. (SInv)
You cover ground quickly. (Speed+)
You are covered in fur. (AC +1)
Your paws help you pounce on unaware monsters.
You are incapable of wielding weapons or throwing items.
You cannot wear armour.
You gain extra lives every three experience levels.


Message History

You feel sick. The adder bites you.
You are more poisoned.
The adder poisons you!
There are monsters nearby!
You claw the adder!
You kill the adder!
Trog accepts your kill.
You feel sick. The hobgoblin completely misses you.
A hobgoblin is nearby!
You scratch the hobgoblin. Your claw misses the hobgoblin.
The hobgoblin is heavily wounded.
You feel sick. The hobgoblin completely misses you.
A hobgoblin is nearby!
You barely miss the hobgoblin.
The hobgoblin is heavily wounded.
You feel sick. The hobgoblin hits you.
A hobgoblin is nearby!
You are too injured to fight recklessly!
A hobgoblin is nearby!
A hobgoblin is nearby!
You scratch the hobgoblin. You bite the hobgoblin.
You kill the hobgoblin!
Trog accepts your kill.
You feel sick.
An orc comes into view. It is wielding a +0 club.
You feel sick.
An orc is nearby!
An orc is nearby!
An orc is nearby!
You feel sick.
You feel sick.
The orc shouts!
The orc hits you with a +0 club.
* * * LOW HITPOINT WARNING * * *
You closely miss the orc. You claw the orc. Your bite misses the orc.
The orc is lightly wounded.
You feel sick.
You are no longer poisoned.
The orc hits you with a +0 club.
You die...

######.#........#+#
#....<...#.#.##....
#.###.####.#.##....
#.###..............
#........#.#.#..#+#
#........#.#.†..#
#........#.#.......
+........#.#.......
#.@......#.####....
#.o...|..#.. ....
#.########## ... #.
... .. .. ###


You could see an orc.

Vanquished Creatures
  Jessica (D:2)
  4 gnolls (D:2)
  6 adders
  A worm (D:2)
  3 dart slugs
  5 endoplasms
  2 giant cockroaches (D:1)
  7 goblins
  6 hobgoblins
  2 quokkas
  5 ball pythons
  6 bats
  3 frilled lizards
  4 kobolds
  4 rats
59 creatures vanquished.

Notes
Turn   | Place    | Note
-------+----------+-------------------------------------------
     0 | D:1      | MisterFreud the Felid Berserker began the quest for the
                  | Orb.
     0 | D:1      | Reached XP level 1. HP: 10/10 MP: 2/2
    30 | D:1      | Reached skill level 1 in Stealth
   202 | D:1      | Reached XP level 2. HP: 5/14 MP: 3/3
   277 | D:1      | Reached skill level 2 in Stealth
  1014 | D:1      | Reached ** piety under Trog
  1015 | D:1      | Reached XP level 3. HP: 16/17 MP: 4/4
  1107 | D:1      | Reached skill level 3 in Stealth
  1505 | D:2      | Found a basalt altar of Yredelemnul.
  2089 | D:2      | Reached XP level 4. HP: 15/21 MP: 5/5
  2382 | D:2      | Noticed Jessica
  2387 | D:2      | Reached skill level 4 in Stealth
  2391 | D:2      | Killed Jessica
  3018 | D:2      | Slain by a gnoll
  3019 | D:2      | Reached XP level 3. HP: 0/25 MP: 4/4
  3047 | D:2      | Reached XP level 4. HP: 21/21 MP: 5/5
  3239 | D:3      | Reached skill level 5 in Stealth
  3366 | D:3      | Slain by an orc

Illustrated notes

Levels and vault maps discovered:
D:1:      lemuel_arrival_rhombus, layout_loops_ring
D:2:      layout_basic, basic_altar, minivault_4, minmay_nonomino_d4,
          uniq_jessica
D:3:      layout_basic, okawaru_altar_gauntlet_db,
          mainiacjoe_overflow_six_doors_small,
          chequers_ecumenical_altar_simple_redux, serial_park_tiny_2,
          minmay_pentangle

Skill      XL: |  1  2  3  4 |
---------------+-------------+-----
Stealth        | 1 2 3 5 |  5.1
Unarmed Combat | 4 |  4.8
Fighting       | |  3.0
Dodging        | |  4.0

Action                   |  1- 3 |  4- 6 || total
-------------------------+-------+-------++-------
Melee: Unarmed           |   101 |    64 ||   165
       Bite              |    11 |     8 ||    19
       Punch             |     2 |     2 ||     4
Invok: Berserk           |     3 |     1 ||     4
       Trog's Hand       |       |     1 ||     1
  Use: Scroll            |     3 |     1 ||     4
 Stab: Sleeping          |     6 |     2 ||     8
       Distracted        |       |     1 ||     1
Armor: Skin              |     4 |     3 ||     7
Dodge: Dodged            |    90 |    39 ||   129
